Map: Ultralove

Players

GGoatMachine - Winner!

  • Race: Protoss Protoss
  • League: Master
  • Spawn Location: 7:00

Soon

  • Race: Terran Terran
  • League: Grandmaster
  • Spawn Location: 1:00

VOD

Have the link to the VOD?

Description

Time

  • Played on: Nov. 3, 2025, 11:03 a.m.
  • Length: 17:13
Show
View Real Time Build Order
Export as new Build Order

GGoatMachine Protoss - Winner!

Build Orders: 1 Gate Expand, Double Forge, Blink Stalkers 

Get SALT Encoding   

  12  0:00  Probe  
  13  0:12  Probe  
  14  0:17  Pylon  
  14  0:24  Probe  
  15  0:34  Probe  
  15  0:36  Gateway  
  15  0:42  Probe  
  16  0:44  Assimilator  
  17  0:52  Probe  
  18  1:04  Probe  
  20  1:24  Cybernetics Core  
  20  1:31  Nexus  
  19  1:33  Probe  
  20  1:40  Pylon  
  20  1:45  Probe  
  21  1:48  Assimilator, Stalker  
  21  1:57  Probe  
  24  2:10  Probe  
  24  2:14  Stalker  
  25  2:22  Probe  
  28  2:24  Twilight Council  
  28  2:34  Probe  
  28  2:35  Pylon  
  29  2:37  Warp Gate  
  29  2:40  Probe  
  30  2:45  Blink  
  30  2:46  Probe  
  30  2:48  Stalker  
  33  2:54  Probe  
  34  3:00  Probe  
  35  3:06  Probe  
  35  3:12  Probe  
  37  3:24  Probe x2  
  39  3:36  Probe  
  39  3:37  Probe  
  39  3:40  Shield Battery  
  37  3:44  Gateway  
  37  3:46  Gateway  
  37  3:48  Probe  
  38  3:49  Probe  
  39  4:00  Probe  
  39  4:01  Probe  
  41  4:12  Probe  
  41  4:13  Probe, Nexus  
  41  4:15  Pylon  
  43  4:17  Pylon  
  43  4:24  Probe  
  43  4:25  Probe, Stalker  
  47  4:31  Charge, Forge  
  47  4:36  Probe  
  48  4:40  Stalker  
  48  4:42  Assimilator, Stalker  
  48  4:45  Probe  
  53  4:49  Probe  
  53  4:50  Forge  
  54  4:55  Robotics Facility  
  54  4:57  Pylon  
  54  4:59  Probe  
  55  5:01  Probe  
  55  5:04  Stalker  
  58  5:09  Stalker  
  58  5:10  Protoss Ground Armor Level 1  
  58  5:11  Probe  
  58  5:12  Stalker  
  63  5:17  Probe  
  64  5:24  Gateway, Protoss Ground Weapons Level 1  
  64  5:25  Gateway  
  64  5:39  Zealot x2  
  64  5:41  Zealot  
  70  5:46  Immortal  
  54  6:02  Stalker x3  
  60  6:07  Pylon  
  60  6:21  Zealot x2  
  63  6:26  Zealot x3  
  63  6:35  Immortal  
  59  6:43  Stalker x2  
  57  6:47  Stalker  
  57  6:48  Zealot x2  
  57  6:50  Probe x2  
  57  6:53  Protoss Ground Armor Level 2  
  65  6:59  Gateway x2  
  66  7:01  Probe  
  66  7:02  Probe, Pylon  
  66  7:03  Probe  
  66  7:06  Pylon  
  68  7:09  Zealot x2, Sentry  
  68  7:10  Zealot  
  76  7:21  Stalker  
  76  7:28  Warp Prism  
  76  7:29  Protoss Ground Weapons Level 2  
  78  7:33  Probe  
  78  7:35  Gateway  
  78  7:36  Gateway, Zealot x2  
  83  7:37  Gateway  
  83  7:39  Pylon  
  83  7:40  Pylon  
  83  7:41  Zealot  
  85  7:55  Zealot x3  
  85  7:56  Zealot  
  85  7:58  Zealot x2  
  95  8:03  Pylon  
  97  8:07  Stalker  
  97  8:11  Probe  
  100  8:14  Observer  
  98  8:25  Stalker x3  
  98  8:26  Zealot x3  
  100  8:39  Zealot x4  
  108  8:45  Probe  
  108  8:46  Pylon, Nexus  
  109  8:56  Probe x2  
  109  8:57  Probe  
  109  9:00  Pylon  
  109  9:02  Pylon  
  112  9:05  Zealot x3  
  112  9:06  Zealot  
  120  9:10  Protoss Shields Level 1  
  120  9:27  Zealot x5  
  120  9:28  Zealot x3  
  114  9:34  Immortal  
  98  9:51  Robotics Bay  
  98  9:52  Zealot x2, Robotics Facility  
  78  9:53  Zealot x5  
  78  9:54  Zealot x3  
  96  10:05  Photon Cannon  
  96  10:06  Shield Battery  
  96  10:08  Pylon  
  96  10:13  Stalker x2  
  96  10:14  Zealot x4, Stalker  
  104  10:16  Zealot  
  112  10:23  Zealot x2  
  112  10:27  Colossus  
  112  10:28  Colossus  
  116  10:35  Zealot x4  
  128  10:48  Zealot x3  
  133  11:13  Zealot  
  133  11:14  Zealot x3  
  133  11:17  Pylon  
  140  11:19  Pylon  
  140  11:20  Pylon  
  140  11:21  Pylon x2  
  140  11:23  Pylon  
  140  11:24  Pylon  
  136  11:27  Observer  
  129  11:34  Colossus  
  125  11:46  Zealot, Stalker  
  125  11:47  Extended Thermal Lance  
  125  11:48  Zealot x5  
  125  11:49  Zealot x2  
  133  11:56  Zealot  
  133  11:58  Colossus  
  135  12:15  Nexus  
  141  12:26  Pylon  
  139  12:44  Gateway  
  139  12:45  Immortal  
  139  12:48  Stalker x2  
  139  12:49  Zealot, Stalker x2  
  139  12:50  Zealot x5  
  163  13:09  Pylon  
  121  13:22  Stalker x3  
  125  13:30  Probe  
  125  13:31  Probe  
  125  13:32  Gateway, Zealot x2  
  125  13:33  Zealot x5  
  98  14:25  Zealot x4  
  98  14:56  Zealot x2  
  98  14:57  Zealot  
  98  15:11  Nexus  
  98  15:14  Pylon  
  97  15:37  Pylon  
  97  15:38  Pylon  
  97  15:39  Pylon  
  97  15:41  Pylon x2  
  97  15:43  Pylon  
  97  15:52  Pylon  
  97  15:59  Cybernetics Core  
  97  16:12  Zealot x2  
  97  16:18  Cybernetics Core  
  100  16:42  Gateway x2  
  100  16:45  Gateway  
  100  16:47  Pylon  
Show
View Real Time Build Order
Export as new Build Order

Soon Terran 

Build Orders:  

Get SALT Encoding   

  12  0:00  SCV  
  13  0:12  SCV  
  14  0:17  Supply Depot  
  14  0:24  SCV  
  15  0:30  Refinery  
  15  0:38  SCV  
  16  0:46  Barracks  
  16  0:51  SCV  
  17  1:03  SCV  
  18  1:15  SCV  
  19  1:32  Orbital Command  
  19  1:36  Barracks Reactor  
  19  1:41  Command Center  
  19  1:51  Factory  
  19  1:58  SCV  
  20  2:05  Supply Depot  
  20  2:10  SCV  
  20  2:13  Refinery, Marine  
  22  2:16  Marine  
  23  2:26  SCV  
  24  2:31  Marine  
  24  2:33  Marine  
  24  2:35  Factory Tech Lab  
  26  2:38  SCV  
  26  2:39  Starport  
  27  2:48  Marine  
  27  2:50  SCV  
  29  2:53  Orbital Command  
  28  3:01  Cyclone  
  28  3:04  SCV  
  32  3:07  Marine  
  32  3:09  Marine  
  32  3:22  Medivac  
  32  3:24  SCV  
  32  3:25  Marine  
  34  3:27  Marine  
  34  3:28  SCV  
  35  3:39  Siege Tank  
  35  3:40  SCV x2  
  39  3:43  Marine  
  39  3:45  Marine  
  41  3:51  Supply Depot  
  41  3:52  Viking  
  43  3:58  SCV x2, Barracks  
  43  4:01  Marine  
  46  4:11  Barracks  
  46  4:12  SCV x2, Marine  
  46  4:15  Supply Depot  
  49  4:21  Marine  
  49  4:22  Siege Tank  
  53  4:24  SCV  
  54  4:33  Supply Depot  
  54  4:36  SCV, Viking  
  57  4:38  Supply Depot  
  57  4:41  Marine x2  
  57  4:44  SCV  
  60  4:47  Barracks Tech Lab  
  60  4:50  Refinery  
  60  4:59  SCV x2  
  62  5:04  Factory Tech Lab, Supply Depot  
  62  5:10  Marine x2  
  62  5:11  Marine x2  
  62  5:12  Stimpack  
  62  5:13  Combat Shield  
  66  5:15  Engineering Bay  
  66  5:16  SCV  
  66  5:19  Supply Depot  
  64  5:28  Marine x2  
  64  5:30  Marine  
  64  5:31  Marine  
  64  5:32  Starport Reactor  
  64  5:33  Cyclone  
  64  5:35  SCV x2  
  73  5:46  Marine x2  
  73  5:47  SCV x2  
  73  5:48  Marine  
  73  5:49  Marine  
  72  5:59  SCV  
  72  6:00  SCV, Terran Infantry Weapons Level 1  
  72  6:04  Marine x2  
  75  6:10  Command Center  
  76  6:11  SCV  
  76  6:12  SCV  
  76  6:23  Marine x2  
  76  6:24  Marine, Marauder, Siege Tank  
  76  6:25  Medivac  
  86  6:26  SCV  
  86  6:27  SCV  
  86  6:30  Refinery  
  76  6:41  SCV, Marine x2  
  76  6:45  Barracks, Marauder  
  76  6:46  Concussive Shells  
  80  6:47  Barracks, Marauder  
  80  6:50  SCV  
  80  6:53  SCV  
  84  6:54  Supply Depot  
  84  6:58  Siege Tank  
  84  7:00  Medivac  
  89  7:02  SCV  
  89  7:05  SCV, Marine x2  
  93  7:14  SCV  
  94  7:19  SCV  
  94  7:24  Supply Depot  
  94  7:25  Marine x2, Marauder  
  94  7:26  SCV, Marauder  
  101  7:31  SCV  
  101  7:33  Supply Depot  
  102  7:38  SCV  
  102  7:39  Medivac x2  
  102  7:42  Barracks Reactor, Barracks Tech Lab  
  102  7:43  SCV, Marine  
  102  7:44  Marine  
  109  7:47  Marauder  
  109  7:50  SCV  
  113  7:52  Orbital Command  
  113  7:54  Marauder  
  113  7:55  Terran Infantry Armor Level 1, Siege Tank, SCV  
  119  7:58  Supply Depot  
  119  8:02  SCV, Supply Depot  
  119  8:05  Marauder  
  122  8:07  SCV  
  122  8:09  Ghost Academy  
  123  8:13  Armory, Marauder  
  123  8:14  SCV  
  123  8:15  Medivac  
  105  8:37  Marine x4, Marauder x3  
  105  8:39  SCV x2  
  115  8:41  Refinery, Siege Tank  
  115  8:42  SCV  
  115  8:43  Refinery  
  119  8:48  Supply Depot  
  119  8:49  Supply Depot  
  119  9:00  Marine x2  
  119  9:01  Marine x2  
  127  9:02  Missile Turret  
  127  9:03  SCV, Command Center  
  127  9:04  Missile Turret  
  127  9:05  Missile Turret  
  127  9:06  Missile Turret  
  130  9:13  Supply Depot  
  130  9:16  Supply Depot  
  130  9:19  Missile Turret  
  130  9:20  Sensor Tower  
  130  9:22  Missile Turret  
  127  9:27  SCV x2, Unknown x2  
  117  9:32  Marine x2  
  117  9:33  Marauder x2, Orbital Command  
  117  9:35  Unknown, Marauder  
  110  9:40  Marine x2  
  108  9:48  SCV x2  
  108  9:50  Marine  
  105  9:54  Marauder  
  105  9:56  Medivac x2  
  105  9:58  SCV  
  112  10:00  SCV x2  
  116  10:10  SCV  
  116  10:12  SCV x2  
  119  10:20  Marauder  
  123  10:22  Marine x2  
  123  10:23  Marine  
  126  10:32  Marine  
  126  10:34  Unknown, Widow Mine  
  126  10:35  Marauder  
  131  10:36  SCV x3  
  131  10:40  Terran Infantry Weapons Level 2  
  136  10:47  Refinery, Unknown, Marine x3  
  136  10:48  SCV x2  
  141  10:50  SCV  
  147  11:00  Marine  
  147  11:01  Marauder  
  150  11:05  Marine x2  
  150  11:09  Unknown  
  150  11:10  Marauder  
  152  11:12  Marine  
  152  11:13  Planetary Fortress, Widow Mine  
  152  11:14  SCV  
  152  11:17  Viking x2  
  155  11:18  Marine  
  155  11:21  Unknown  
  155  11:22  Marauder x2  
  160  11:29  Marine  
  160  11:30  Marine x2  
  160  11:31  Marauder  
  164  11:36  Barracks x2  
  164  11:37  Barracks  
  144  11:40  Marine  
  144  11:43  Marine, Marauder  
  134  11:47  Marine  
  134  11:51  Marine x2  
  134  11:52  Widow Mine  
  134  11:53  Marauder  
  137  12:00  SCV  
  137  12:01  SCV x3  
  141  12:04  Marauder  
  145  12:13  SCV  
  145  12:14  Missile Turret  
  146  12:17  Viking x2  
  146  12:19  Marauder  
  146  12:20  Widow Mine  
  154  12:25  Barracks Tech Lab x2  
  154  12:26  Marauder  
  156  12:30  Unknown, Marauder  
  156  12:33  Barracks Tech Lab  
  158  12:37  Marine x2  
  158  12:38  Marine x2  
  158  12:40  Marauder  
  164  12:47  Viking, Marauder  
  164  12:50  Marauder x2  
  172  12:51  Marauder  
  172  12:55  Marine, Supply Depot x2  
  172  12:56  Supply Depot  
  175  12:59  Viking  
  175  13:01  Starport  
  175  13:02  Marauder  
  175  13:04  Marine x2, Marauder  
  175  13:05  Marine  
  184  13:07  Supply Depot  
  184  13:09  Marauder  
  184  13:11  Marauder  
  171  13:21  Marauder x2  
  171  13:23  SCV, Marauder  
  171  13:24  SCV  
  171  13:25  SCV, Marauder  
  171  13:26  SCV  
  183  13:30  Marauder  
  183  13:32  Sensor Tower  
  183  13:33  Marauder  
  187  13:35  SCV  
  187  13:37  Viking  
  187  13:38  Starport Reactor  
  190  13:43  Marauder x2  
  190  13:44  Marauder  
  192  13:49  Marauder  
  192  13:51  Marauder  
  192  13:54  Marauder  
  187  14:02  Marine x4  
  164  14:04  Marauder x2  
  164  14:06  Marauder  
  161  14:13  Marauder  
  161  14:15  Marine  
  131  14:25  Marauder  
  131  14:26  SCV  
  125  14:38  SCV  
  101  15:23  Orbital Command  
  99  16:00  Supply Depot  
  99  16:01  Supply Depot  
  99  16:02  Supply Depot x2  
  99  16:08  Command Center  
  99  16:21  Orbital Command  
  97  16:42  Supply Depot x2  
  97  16:44  Supply Depot  
  97  16:45  Supply Depot  
  97  16:50  Supply Depot  
Tags
 
Add a new tag
Caveats
  • Supply blocks, unpowered buildings, or Contaminate may cause inaccurate times.
  • Supply counts are checked every 10 seconds.